 Dungeon Crawl Stone Soup version 0.25.1-2-g60ff931df9 (webtiles) character file.

Game seed: 8943028565485817986

455 hawla the Stinger (level 6, -2/45 HPs)
             Began as a Draconian Venom Mage on Nov 12, 2020.
             Slain by a mummy (6 damage)
             ... in an ossuary.
             The game lasted 00:14:16 (5948 turns).

hawla the Stinger (Draconian Venom Mage)            Turns: 5948, Time: 00:14:16

Health: -2/45      AC:  7    Str: 10    XL:     6   Next: 76%
Magic:  9/9        EV: 12    Int: 18    God:
Gold:   210        SH:  0    Dex: 11    Spells: 2/9 levels left

rFire    + . .     SeeInvis .   o - +2 whip "Xuel" {pain, rPois rF+}
rCold    . . .     Gourm    .   (no shield)
rNeg     . . .     Faith    .   (armour unavailable)
rPois    +         Spirit   .   (helmet restricted)
rElec    .         Reflect  .   (no cloak)
rCorr    .         Harm     .   d - +0 pair of gloves
MR       .....                  (no boots)
Stlth    ++........             (no amulet)
HPRegen  0.15/turn              (no ring)
MPRegen  0.11/turn              (no ring)

@: no status effects
A: unfitting armour, cold-blooded, AC +6
a: no special abilities


You were in an ossuary.
You were not hungry.

You visited 2 branches of the dungeon, and saw 6 of its levels.
You also visited: Ossuary.

You collected 210 gold pieces.

Inventory:

Hand Weapons
 o - the +2 whip "Xuel" (weapon) {pain, rPois rF+}
   (You found it on level 4 of the Dungeon)

   In the hands of one skilled in necromantic magic, it inflicts extra damage on
   living creatures.
   It protects you from fire.
   It protects you from poison.
Armour
 d - a +0 pair of gloves (worn)
Jewellery
 i - an uncursed amulet of faith
Wands
 n - a wand of iceblast (10)
Scrolls
 e - a scroll of enchant armour
 j - 2 scrolls of identify
 k - 2 scrolls of random uselessness
Potions
 a - 2 potions of resistance {unknown}
 c - 4 potions of flight
 g - a potion of magic
 h - 2 potions of lignification
 l - 2 potions of degeneration {unknown}
 m - 3 potions of berserk rage {unknown}
Comestibles
 b - 4 rations


   Skills:
 + Level 0.0 Fighting
 - Level 1.7 Dodging
 - Level 1.7 Stealth
 - Level 2.0 Spellcasting
 + Level 4.2 Transmutations
 + Level 3.6 Air Magic
 + Level 5.1 Poison Magic


You had 2 spell levels left.
You knew the following spells:

 Your Spells              Type           Power        Failure   Level  Hunger
a - Sting                 Tmut/Pois      ###.         2%          1    #......
b - Poisonous Vapours     Pois/Air       ###...       4%          2    ###....
c - Olgreb's Toxic Radia  Pois           ###.....     22%         4    #####..

Your spell library contained the following spells:

 Spells                   Type           Power        Failure   Level  Hunger
 Ignite Poison            Fire/Tmut/Pois ##......     16%         3    ###....
 Mephitic Cloud           Conj/Pois/Air  ##......     16%         3    ###....


Dungeon Overview and Level Annotations

Branches:
Dungeon (5/15)             Temple (1/1) D:4         Ossuary (1/1)

Altars:
Ashenzari
Cheibriados
Dithmenos
Fedhas
Gozag
Hepliaklqana
Kikubaaqudgha
Nemelex Xobeh
Okawaru
Ru
Trog
Vehumet
Xom
The Shining One


Innate Abilities, Weirdness & Mutations

Your plain brown scales are hard. (AC +6)
You cannot fit into any form of body armour.
You are cold-blooded and may be slowed by cold attacks.


Message History

There is a gate leading back out of this place here.
You hit the mummy.
The mummy is lightly damaged.
The mummy closely misses you.
You hit the mummy. You tail-slap the mummy.
The mummy is moderately damaged.
The orc zombie barely misses you. The mummy closely misses you.
You hit the mummy.
The mummy is heavily damaged.
The mummy closely misses you. The gnoll zombie barely misses you.
The orc zombie hits you.
You hit the mummy.
The mummy is severely damaged.
The gnoll zombie closely misses you. The mummy hits you!
* * * LOW HITPOINT WARNING * * *
The orc zombie hits you but does no damage.
The mummy hits you.
* * * LOW HITPOINT WARNING * * *
The mummy hits you.
You die...

#....#
#....#
#....#
#....#
#....#
#....#
#..Z.#


#MMMZ# #.Z@M# ###### You could see 4 mummies, 2 gnoll zombies and an orc zombie.

Vanquished Creatures
  Sigmund (D:4)
  A howler monkey (D:4)
  A jelly (D:5)
  An iguana (D:4)
  7 gnolls
  5 adders
  2 worms
  3 dart slugs
  3 leopard geckos
  4 giant cockroaches (D:1)
  10 goblins
  10 hobgoblins
  3 jackals (D:2)
  9 kobolds
  A quokka (D:2)
  3 ball pythons
  4 bats
  6 frilled lizards
  A hobgoblin zombie (Ossuary)
  2 orc zombies (Ossuary)
  14 rats
91 creatures vanquished.

Vanquished Creatures (others)
  A wizard (D:3)
1 creature vanquished.

Grand Total: 92 creatures vanquished

Notes
Turn   | Place    | Note
-------+----------+-------------------------------------------
     0 | D:1      | hawla the Draconian Venom Mage began the quest for the Orb.
     0 | D:1      | Reached XP level 1. HP: 14/14 MP: 3/3
   538 | D:1      | Reached XP level 2. HP: 17/20 MP: 3/5
   548 | D:1      | Learned a level 2 spell: Poisonous Vapours
  1332 | D:1      | Reached XP level 3. HP: 26/26 MP: 3/6
  1554 | D:1      | Reached skill level 1 in Air Magic
  2098 | D:2      | Reached XP level 4. HP: 33/33 MP: 0/7
  2376 | D:2      | Reached skill level 4 in Poison Magic
  2688 | D:2      | Found a shattered altar of Ashenzari.
  3026 | D:3      | Learned a level 4 spell: Olgreb's Toxic Radiance
  3440 | D:3      | Found an ancient bone altar of Kikubaaqudgha.
  3594 | D:3      | Reached XP level 5. HP: 34/38 MP: 0/8
  4304 | D:3      | Found a bloodstained altar of Trog.
  4305 | D:3      | Noticed a wizard
  4312 | D:3      | Killed a wizard
  4699 | D:4      | Found a staircase to the Ecumenical Temple.
  4716 | Temple   | Entered the Ecumenical Temple
  4943 | D:4      | Found a glowing golden altar of the Shining One.
  5343 | D:4      | Got a scorched whip
  5344 | D:4      | Identified the +2 whip "Xuel" {pain, rPois rF+} (You found
                  | it on level 4 of the Dungeon)
  5383 | D:4      | Noticed Sigmund
  5427 | D:4      | Reached XP level 6. HP: 19/45 MP: 1/9
  5630 | D:4      | Killed Sigmund
  5630 | D:4      | Reached skill level 5 in Poison Magic
  5846 | D:5      | Entered Level 5 of the Dungeon
  5849 | D:5      | Found a shimmering altar of Xom.
  5873 | D:5      | Found a sand-covered staircase.
  5897 | Ossuary  | Entered an ossuary
  5948 | Ossuary  | Slain by a mummy

Illustrated notes

Levels and vault maps discovered:
D:1:      dpeg_arrival_pits, layout_basic
D:2:      layout_loops_cross, nicolae_overflow_crystal_walls
D:3:      layout_basic, overflow_temple_1_default, first_ration, trog_wizard
D:4:      layout_rooms, tso_metal_star, minmay_temple_entry_mist, uniq_sigmund
D:5:      layout_rooms, xom_teletrap_fun, chequers_ossuary_entry_cave
Temple:   kb_temple_of_zot
Ossuary:  ossuary_tomb_3

Skill      XL: |  1  2  3  4  5  6 |
---------------+-------------------+-----
Transmutations | 2 3 4 |  4.2
Air Magic      | 1 2 3 |  3.6
Poison Magic   | 4 5 |  5.1
Dodging        | |  1.7
Stealth        | |  1.7
Spellcasting   | |  2.0

Action                   |  1- 3 |  4- 6 || total
-------------------------+-------+-------++-------
Melee: Unarmed           |     6 |     9 ||    15
       Tailslap          |     1 |     4 ||     5
       Whip              |       |    25 ||    25
 Cast: Sting             |    31 |    22 ||    53
       Poisonous Vapours |    23 |    64 ||    87
       Olgreb's Toxic Ra |       |     2 ||     2
  Use: Scroll            |     6 |     6 ||    12
  Eat: Chunk             |     6 |    16 ||    22
       Ration            |       |     1 ||     1
Armor: Skin              |     4 |    12 ||    16
Dodge: Dodged            |    17 |    32 ||    49
